 Dungeon Crawl Stone Soup version 0.23-a0-269-g65e0026 (webtiles) character file.

15639 epen the Slicer (level 12, -3/86 HPs)
             Began as an Octopode Abyssal Knight on Sept 30, 2018.
             Was a Priest of Lugonu.
             Slain by a five-headed hydra (9 damage)
             ... on level 2 of the Lair of Beasts.
             The game lasted 00:26:16 (15800 turns).

epen the Slicer (Octopode Abyssal Knight)          Turns: 15800, Time: 00:26:17

Health: -3/86      AC:  1    Str: 11    XL:     12   Next: 29%
Magic:  11/19      EV: 20    Int: 15    God:    Lugonu [***...]
Gold:   850        SH:  0    Dex: 16    Spells: 11/11 levels left

rFire    . . .     SeeInvis .   f - +1 short sword (elec)
rCold    . . .     Gourm    .   (no shield)
rNeg     . . .     Faith    +   (helmet restricted)
rPois    .         Spirit   .   E - amulet of faith
rElec    .         Reflect  .   w - ring of stealth
rCorr    .         Harm     .   y - ring of protection from magic
MR       +....                  r - ring of flight
Stlth    +++++.....             (no ring)
HPRegen  0.24/turn              (no ring)
MPRegen  0.16/turn              (no ring)
                                (no ring)
                                (no ring)

@: no status effects
A: almost no armour, stealthy swim, amphibious, 8 rings, constrict 8, camouflage
1, gelatinous body 1
a: Depart the Abyss, Bend Space, Banish, Renounce Religion, Evoke Flight


You were on level 2 of the Lair of Beasts.
You worshipped Lugonu.
Lugonu was most pleased with you.
You were hungry.

You visited 2 branches of the dungeon, and saw 13 of its levels.
You visited the Abyss 1 time.

You collected 970 gold pieces.
You spent 120 gold pieces at shops.

Inventory:

Hand Weapons
 a - a +1 short sword
 f - a +1 short sword of electrocution (weapon)
 j - a +0 dagger of flaming
 q - a +0 rapier of venom
 I - a +1 dagger of draining
Jewellery
 d - an uncursed amulet of rage
 g - an uncursed ring of fire
 i - an uncursed amulet of guardian spirit
 r - a ring of flight (on tentacle)
 w - a ring of stealth (left tentacle)
 y - a ring of protection from magic (right tentacle)
 E - an amulet of faith (around mantle)
Wands
 u - a wand of polymorph (20)
 B - a wand of random effects (36)
 F - a wand of flame (42)
 G - a wand of paralysis (12)
 H - a wand of disintegration (33)
 N - a wand of iceblast (12)
Scrolls
 k - 7 scrolls of teleportation
 l - 4 scrolls of remove curse
 m - 5 scrolls of enchant weapon
 o - a scroll of fear
 t - 3 scrolls of enchant armour
 z - a scroll of blinking
 C - 3 scrolls of amnesia
 J - 3 scrolls of magic mapping
 L - a scroll of identify
Potions
 c - 5 potions of curing
 e - 2 potions of brilliance
 h - 3 potions of haste
 n - 6 potions of flight
 p - 4 potions of ambrosia
 s - 3 potions of degeneration
 v - 3 potions of invisibility
 x - 2 potions of resistance
 A - a potion of heal wounds
 D - a potion of lignification
 K - a potion of agility
Comestibles
 b - 21 rations


   Skills:
 + Level 9.6 Fighting
 * Level 12.5 Short Blades
 + Level 9.3 Dodging
 + Level 5.0 Stealth
 + Level 10.1 Invocations


You had 11 spell levels left.
You didn't know any spells.
Your spell library contained the following spells:

 Spells                   Type           Power        Failure   Level  Hunger
 Confusing Touch          Hex            #.....       26%         1    ##.....
 Freeze                   Ice            #...         26%         1    ##.....
 Magic Dart               Conj           #...         26%         1    ##.....
 Searing Ray              Conj           #.....       38%         2    ###....
 Throw Frost              Conj/Ice       #.....       38%         2    ###....
 Confuse                  Hex            #.......     63%         3    ####...
 Dazzling Spray           Conj/Hex       #.....       63%         3    ####...
 Gell's Gravitas          Tloc           #.........   63%         3    ####...
 Ozocubu's Armour         Chrm/Ice       #.......     63%         3    ####...
 Cause Fear               Hex            #.........   95%         4    #####..
 Force Lance              Conj/Tloc      #.......     95%         4    #####..
 Fulminant Prism          Conj/Hex       #.........   95%         4    #####..
 Iskenderun's Mystic Bla  Conj           #.......     95%         4    #####..
 Petrify                  Tmut/Erth      #.......     95%         4    #####..
 Summon Ice Beast         Ice/Summ       #.......     95%         4    #####..
 Throw Icicle             Conj/Ice       #.......     95%         4    #####..
 Metabolic Englaciation   Hex/Ice        #.........   100%        5    ######.
 Silence                  Hex/Air        #.........   100%        5    ######.
 Yara's Violent Unravell  Hex/Tmut       #.........   100%        5    ######.
 Deflect Missiles         Chrm/Air       #.........   100%        6    #######
 Discord                  Hex            #.........   100%        8    #######


Dungeon Overview and Level Annotations

Branches:
Dungeon (11/15)            Temple (0/1) D:7            Lair (2/6) D:10
  Swamp (0/4) Lair:2          Orc (0/2) D:10
  Snake: Lair:2-4    Spider: Lair:2-4

Altars:
Dithmenos
Fedhas
Gozag
Kikubaaqudgha
Trog

Shops:
D:5 *   D:10 [

Annotations:
D:9 2 transporters, CasualChangeling's ghost, novice DrWn
Abyss:1 Joseph; Josephine; Menkaure; Snorg; Urug


Innate Abilities, Weirdness & Mutations

You cannot wear most types of armour.
You are very stealthy in the water. (Stealth+)
You are amphibious.
You can wear up to eight rings at the same time.
You can use your tentacles to constrict eight enemies at once.
Your skin changes colour to match your surroundings (Stealth+).
Your rubbery body absorbs attacks. (AC +1, EV +1)


Message History

You start resting.
Magic restored.
You start resting.
A five-headed hydra comes into view.
Press: ? - help, Shift-Dir - straight line, f - five-headed hydra
Aim: a five-headed hydra (hasn't noticed you, chance to defeat MR: 58%)
The five-headed hydra resists with significant effort.
You are feeling hungry.
Press: ? - help, Shift-Dir - straight line, f/p - five-headed hydra
Aim: a five-headed hydra (chance to defeat MR: 58%)
The five-headed hydra resists with significant effort.
You feel somewhat more hungry. The five-headed hydra bites you!
* * * LOW HITPOINT WARNING * * *
The five-headed hydra bites you but does no damage.
The five-headed hydra bites you!
* * * LOW HITPOINT WARNING * * *
The five-headed hydra bites you.
* * * LOW HITPOINT WARNING * * *
The five-headed hydra bites you!
You die...

.....#####.........+..#
....##.#..+........#P..
.........(#............
......##.#..........#.#
......#####...........P.
§...#.# #........#....
...(..# #........####.
§<..#.# ##.##.D+##
#P..### ####.@.# #####
#...### .## ######+.####
.P### ##P.......>§##
....#.........†...§#
........+....†....+..#
......P.#.....!....#..
....#.#.#.......?..#
.>..####..........##


You could see a five-headed hydra.

Vanquished Creatures
  A two-headed ogre (D:11)
  Sonja (D:10)
  2 spiny frogs (Lair:1)
  A kobold demonologist (D:11)
  4 blink frogs (Lair:2)
  A hippogriff (Lair:2)
  A wyvern (D:8)
  2 wraiths (D:10)
  4 hogs (D:7)
  2 hungry ghosts
  Eustachio (D:4)
  3 yaks (Lair:1)
  A human (D:7)
  A basilisk (Lair:1)
  4 insubstantial wisps (Lair:2)
  Edmund (D:6)
  4 porcupines (Lair:1)
  2 water moccasins
  An ice beast (D:10)
  3 orc warriors
  A black bear (D:10)
  3 sky beasts
  A necrophage (D:11)
  2 ogres
  A phantom (D:5)
  3 centaurs
  4 crocodiles
  17 big kobolds
  5 bullfrogs
  A wyvern zombie (D:9)
  2 gnoll sergeants
  5 scorpions
  6 crimson imps
  2 bullfrog zombies
  A quasit (D:8)
  A centaur zombie (D:8)
  5 hounds
  A jelly (D:10)
  Crazy Yiuf (D:3)
  8 orc priests
  10 orc wizards
  3 bullfrog skeletons
  Terence (D:3)
  4 iguanas
  10 worker ants
  12 gnolls
  14 adders
  4 shadow imps
  An ooze (D:7)
  2 adder skeletons
  2 worms
  4 dart slugs
  4 leopard geckos
  39 orcs
  5 bats
  4 giant cockroaches
  11 goblins
  13 hobgoblins
  10 jackals
  2 quokkas
  A ball python zombie (D:5)
  5 frilled lizards
  2 giant cockroach zombies
  23 kobolds
  A leopard gecko skeleton (D:5)
  3 quokka skeletons
  6 rats
306 creatures vanquished.

Vanquished Creatures (others)
  An ettin (D:9)
  A fire dragon (D:9)
  A hydra (Lair:1)
  A two-headed ogre (D:9)
  A manticore (D:9)
  A cyclops (D:11)
  A blink frog (Lair:2)
  2 yaks (Lair:1)
  A wraith (D:10)
  3 orc warriors
  A human (D:7)
  2 centaurs
  A gnoll sergeant (D:7)
  An orc wizard (D:9)
  A fungus (Lair:2)
  A plant (Lair:2)
20 creatures vanquished.

Grand Total: 326 creatures vanquished

Notes
Turn   | Place    | Note
-------+----------+-------------------------------------------
     0 | Abyss:1  | epen the Octopode Abyssal Knight began the quest for the
                  | Orb.
     0 | Abyss:1  | Reached XP level 1. HP: 16/16 MP: 2/2
    28 | Abyss:2  | Noticed a deep elf demonologist
    32 | Abyss:2  | Noticed a chaos spawn
    33 | D:1      | Escaped the Abyss
   194 | D:1      | Reached XP level 2. HP: 21/21 MP: 3/3
   352 | D:1      | Reached * piety under Lugonu
   965 | D:2      | Reached XP level 3. HP: 10/26 MP: 4/4
  1400 | D:2      | Reached skill level 3 in Short Blades
  1400 | D:2      | Reached XP level 4. HP: 31/31 MP: 4/6
  2042 | D:3      | Reached XP level 5. HP: 20/36 MP: 7/7
  2094 | D:3      | Reached skill level 8 in Short Blades
  2094 | D:3      | Reached XP level 6. HP: 34/47 MP: 7/10
  2197 | D:3      | Noticed Terence
  2217 | D:3      | Killed Terence
  2353 | D:3      | Reached ** piety under Lugonu
  2770 | D:3      | Found a runed door.
  3074 | D:3      | Noticed Crazy Yiuf
  3082 | D:3      | Killed Crazy Yiuf
  3200 | D:4      | Reached XP level 7. HP: 50/53 MP: 12/12
  3748 | D:4      | Noticed Eustachio
  3773 | D:4      | Killed Eustachio
  4051 | D:5      | Entered Level 5 of the Dungeon
  4058 | D:4      | Reached skill level 9 in Short Blades
  4324 | D:5      | Reached XP level 8. HP: 34/58 MP: 13/13
  4325 | D:5      | Reached *** piety under Lugonu
  4711 | D:5      | Noticed Menkaure
  4715 | D:5      | Banished Menkaure
  5060 | D:5      | Found Rewnaen's General Store.
  5063 | D:5      | Bought a scroll of fear for 38 gold pieces
  5063 | D:5      | Bought a scroll of enchant weapon for 82 gold pieces
  5367 | D:6      | Noticed Edmund
  5375 | D:6      | Killed Edmund
  5902 | D:6      | Found an opulent altar of Gozag.
  6175 | D:6      | Reached XP level 9. HP: 64/64 MP: 14/14
  6419 | D:7      | Found a staircase to the Ecumenical Temple.
  6615 | D:7      | Noticed Joseph
  6617 | D:7      | Banished Joseph
  7102 | D:7      | Reached skill level 10 in Short Blades
  7244 | D:7      | HP: 1/64 [hog (4)]
  7584 | D:7      | Found an ancient bone altar of Kikubaaqudgha.
  8523 | D:8      | Reached XP level 10. HP: 61/72 MP: 16/16
  9489 | D:9      | Found a transporter.
  9613 | D:9      | Noticed a manticore
  9616 | D:9      | Banished a manticore
  9647 | D:9      | Noticed CasualChangeling's ghost (novice DrWn)
  9652 | D:9      | Noticed a two-headed ogre
  9658 | D:9      | Banished a two-headed ogre
  9750 | D:9      | Found a transporter.
 10180 | D:9      | Found a blossoming altar of Fedhas.
 10269 | D:9      | Reached **** piety under Lugonu
 10859 | D:9      | Found a blossoming altar of Fedhas.
 10859 | D:9      | Found a shadowy altar of Dithmenos.
 10859 | D:9      | Noticed a fire dragon
 10866 | D:9      | Noticed an ettin
 10878 | D:9      | Banished a fire dragon
 10878 | D:9      | Reached skill level 11 in Short Blades
 10893 | D:9      | Banished an ettin
 11000 | D:10     | Entered Level 10 of the Dungeon
 11019 | D:10     | Found Deheh's Armour Emporium.
 11021 | D:10     | Found a staircase to the Orcish Mines.
 11042 | D:10     | Reached XP level 11. HP: 56/78 MP: 13/17
 11196 | D:10     | Noticed Josephine
 11199 | D:10     | Banished Josephine
 11207 | D:10     | Noticed Sonja
 11381 | D:10     | Noticed Urug
 11382 | D:10     | Banished Urug
 11419 | D:10     | Killed Sonja
 11882 | D:10     | Found a bloodstained altar of Trog.
 12428 | D:10     | Found a staircase to the Lair.
 12519 | D:11     | Noticed Snorg
 12521 | D:11     | Banished Snorg
 12564 | D:11     | Noticed a cyclops
 12565 | D:11     | Banished a cyclops
 12565 | D:11     | Reached skill level 1 in Stealth
 13053 | D:11     | Reached skill level 12 in Short Blades
 13253 | D:11     | Noticed a two-headed ogre
 13263 | D:11     | Killed a two-headed ogre
 13776 | Lair:1   | Entered Level 1 of the Lair of Beasts
 13869 | Lair:1   | Noticed an eight-headed hydra
 13877 | Lair:1   | Banished an eight-headed hydra
 14307 | Lair:1   | Reached XP level 12. HP: 70/85 MP: 19/19
 15217 | Lair:2   | Found a staircase to the Swamp.
 15278 | Lair:2   | Reached skill level 10 in Invocations
 15723 | Lair:2   | Reached skill level 5 in Stealth
 15797 | Lair:2   | Noticed a five-headed hydra
 15800 | Lair:2   | Slain by a five-headed hydra

Vault maps used:
D:1:      kennysheep_arrival_forest, hex_large
D:3:      cheibrodos_greedy_goblins, minmay_misc_feat_four_crosses,
          uniq_terence, uniq_crazy_yiuf_cottage
D:4:      first_ration, minmay_ruptured, uniq_eustachio
D:5:      serial_shops, kennysheep_mini_moat, uniq_menkaure
D:6:      grunt_gozag_statues, uniq_edmund
D:7:      temple_doors_ab, grunt_livestock, tgw_kikubaaqudgha, uniq_joseph
D:9:      lemuel_coloured_pillars_altar, gammafunk_ghost_stat_death,
          jmf_multi_god_temple
D:10:     lair_entry_dummy, orc_david_3, basic_altar, eino_tiny_chamber,
          uniq_sonja, uniq_josephine, uniq_urug
D:11:     special_room, uniq_snorg
Lair:1:   grunt_megastairs_3
Lair:2:   minmay_swamp_entry_wisps, grunt_megastairs_5

Skill      XL: |  1  2  3  4  5  6  7  8  9 10 11 12 |
---------------+-------------------------------------+-----
Short Blades   | 3 8 9 10 11 12 | 12.5
Dodging        | 3 6 7 8 9 |  9.3
Invocations    | 3 6 7 8 9 10 | 10.1
Fighting       | 6 7 8 9 |  9.6
Stealth        | 3 5 |  5.0

Action                   |  1- 3 |  4- 6 |  7- 9 | 10-12 || total
-------------------------+-------+-------+-------+-------++-------
Melee: Short sword       |    53 |       |       |   283 ||   336
       Constrict         |    17 |    25 |    67 |    82 ||   191
       Tentacles         |     9 |    31 |    67 |   126 ||   233
       Dagger            |       |   147 |    47 |       ||   194
       Rapier            |       |       |   246 |   301 ||   547
Invok: Depart the Abyss  |     1 |       |       |       ||     1
       Banish            |       |       |     9 |    22 ||    31
  Use: Scroll            |     9 |     5 |     2 |     8 ||    24
       Potion            |       |     1 |     1 |       ||     2
 Stab: Sleeping          |     3 |     4 |    12 |    17 ||    36
       Distracted        |       |     1 |       |       ||     1
  Eat: Chunk             |     1 |     6 |    16 |    12 ||    35
       Ration            |       |       |     1 |     5 ||     6
Armor: Skin              |     7 |     2 |     2 |    13 ||    24
Dodge: Dodged            |    41 |    72 |   166 |   310 ||   589

Table legend:
 A = Non-vault XP
 B = Vault XP
 C = Vault XP percentage of total XP
 D = Non-vault monster count
 E = Vault monster count
 F = Vault count percentage of total count
                 A         B        C        D         E       F
            +---------+---------+-------+---------+---------+-------
      Total |   13379 |    8807 |  39.7 |     267 |      61 |  18.6
            +---------+---------+-------+---------+---------+-------
        D:1 |      21 |       0 |   0.0 |      12 |       0 |   0.0
        D:2 |     131 |       0 |   0.0 |      23 |       0 |   0.0
        D:3 |     182 |      94 |  34.1 |      24 |      11 |  31.4
        D:4 |     298 |     234 |  44.0 |      13 |       3 |  18.8
        D:5 |     404 |      85 |  17.4 |      24 |       1 |   4.0
        D:6 |     690 |     158 |  18.6 |      31 |       1 |   3.1
        D:7 |     875 |    1198 |  57.8 |      17 |       6 |  26.1
        D:8 |     919 |       0 |   0.0 |      17 |       0 |   0.0
        D:9 |    2216 |    1204 |  35.2 |      45 |       4 |   8.2
       D:10 |    1218 |    2365 |  66.0 |      21 |      10 |  32.3
       D:11 |    1930 |    2312 |  54.5 |      17 |      20 |  54.1
     Lair:1 |    2815 |     502 |  15.1 |      16 |       1 |   5.9
     Lair:2 |    1680 |     655 |  28.1 |       7 |       4 |  36.4
            +---------+---------+-------+---------+---------+-------
